 Dungeon Crawl Stone Soup version 0.30-a0-847-g17996783a1 (webtiles) character file.

Game seed: 551505547012116135

67 Ceno the Sneak (level 3, -5/17 HPs)
             Began as a Felid Delver on Mar 3, 2023.
             Was a Follower of Elyvilon.
             Slain by a goblin
             ... wielding a +2 dagger of distortion
              (17 damage)
             ... on level 2 of the Dungeon.
             The game lasted 00:06:53 (1515 turns).

Ceno the Sneak (Felid Delver)                       Turns: 1515, Time: 00:06:54

Health: -5/17      AC:  1    Str:  8    XL:     3   Next: 98%
Magic:  4/4        EV: 17    Int: 13    God:    Elyvilon [*.....]
Gold:   84         SH:  0    Dex: 17    Spells: 1/2 levels left
                                        Lives:  0   Deaths: 0

rFire   . . .      SeeInvis +      - Unarmed
rCold   . . .      Faith    .    (shield unavailable)
rNeg    . . .      Spirit   .    (body armour unavailable)
rPois   .          Reflect  .    (helmet unavailable)
rElec   .          Rampage  .    (cloak unavailable)
rCorr   .                        (gloves unavailable)
Will    .....                    (boots unavailable)
Stlth   ++++                     (no amulet)
HPRegen 0.22/turn                (no ring)
MPRegen 0.09/turn                (no ring)

@: quick
A: very small, claws 1, fangs 3, see invisible, speed 1, shaggy fur 1, stealthy
paws, no weapons or thrown items, no armour, multi-lived
a: Renounce Religion, Purification


You were on level 2 of the Dungeon.
You worshipped Elyvilon.
Elyvilon was aware of your devotion.
You visited 2 branches of the dungeon, and saw 6 of its levels.

You collected 84 gold pieces.

Inventory:

Wands
 e - a wand of digging (3)
Scrolls
 a - a scroll of fog
 b - a scroll of magic mapping
 c - 2 scrolls of identify
 f - a scroll of brand weapon {unknown}
 g - 2 scrolls of teleportation
 h - a scroll of enchant armour {unknown}
 j - a scroll of silence {unknown}
Potions
 d - 2 potions of haste
 i - a potion of mutation


   Skills:
 + Level 3.4 Fighting
 - Level 2.7 Dodging
 - Level 7.1 Stealth
 - Level 2.8 Unarmed Combat
 * Level 1.2 Ice Magic
 + Level 0.6 Invocations


You had one spell level left.
You knew the following spells:

 Your Spells              Type           Power      Damage    Failure   Level
a - Freeze                Ice            12%        1d3       19%         1

Your spell library contained the following spells:

 Spells                   Type           Power      Damage    Failure   Level
 Frozen Ramparts          Ice            6%         1d1       50%         3
 Hailstorm                Conj/Ice       1%         3d3       58%         3


Dungeon Overview and Level Annotations

Branches:
Dungeon (5/15)             Temple (1/1) D:4

Altars:
Ashenzari
Cheibriados
Dithmenos
Elyvilon
Gozag
Okawaru
Qazlal
Uskayaw
Vehumet
Yredelemnul


Innate Abilities, Weirdness & Mutations

You have sharp claws.
You have razor-sharp teeth.
You have supernaturally acute eyesight. (SInv)
You cover ground quickly. (Speed+)
You are covered in fur. (AC +1)
Your paws help you pounce on unaware monsters.
You are incapable of wielding weapons or throwing items.
You cannot wear armour.
You gain extra lives every three experience levels.


Message History

There is a stone staircase leading down here.
Casting: Freeze (safe; 21% risk of failure)
Confirm with . or Enter, or press ? or * to list all spells.
Aiming: Freeze (safe; 21% risk of failure)
Press: ? - help, Shift-Dir - straight line, f - adder
Aim: an adder You freeze the adder.
The adder is moderately wounded.
The adder seems to slow down.
The adder barely misses you.
Casting: Freeze (safe; 21% risk of failure)
Confirm with . or Enter, or press ? or * to list all spells.
Aiming: Freeze (safe; 21% risk of failure)
Press: ? - help, Shift-Dir - straight line, f/p - adder
Aim: an adder (moderately wounded, slow)
You freeze the adder.
The adder is moderately wounded.
The adder misses you.
You scratch the adder.
The adder is severely wounded.
You scratch the adder.
You kill the adder!
There is an open door here.
Magic restored.
There is an open door here.
There is a stone staircase leading down here.
You climb downwards.
There is a stone staircase leading up here.
Found a leather armour.
A hobgoblin comes into view.
A ball python comes into view.
Found a short sword.
The helpless hobgoblin fails to defend itself.
You mangle the hobgoblin!!
You kill the hobgoblin!
Found a stone.
The goblin shouts!
The ball python hisses angrily.
The goblin hits you with a +2 dagger of distortion.
Space warps horribly around you!
Ouch! That really hurt!
You die...

###### ### ### .....# #..
..# ####.# #.# #.# # #.#
#[# #.#
#.#######.#####.########
#<.......#..............
#########.#####.###.....
#.# #........... #.#
#@#.##......
###########.#..g.........)
##...............#.######.#
.........###.#..?#.# #
##.#####.# #.###.#.# ...#
#.# #.. (S..# #### #.#
###.# #.# #.# #.# #.#


You could see a goblin and a ball python.

Vanquished Creatures
  2 gnolls (D:1)
  2 adders
  7 ball pythons
  An endoplasm (D:1)
  A giant cockroach (D:4)
  3 goblins
  2 hobgoblins
  4 quokkas
  5 bats
  A kobold (D:4)
  3 rats
31 creatures vanquished.

Vanquished Creatures (others)
  8 toadstools (D:2)
8 creatures vanquished.

Grand Total: 39 creatures vanquished

Notes
Turn   | Place    | Note
-------+----------+-------------------------------------------
     0 | D:5      | Ceno the Felid Delver began the quest for the Orb.
     0 | D:5      | Reached XP level 1. HP: 10/10 MP: 2/2
    72 | D:3      | Noticed an orc wizard
   154 | D:4      | Found a staircase to the Ecumenical Temple.
   171 | Temple   | Entered the Ecumenical Temple
   192 | Temple   | Became a worshipper of Elyvilon the Healer
   441 | D:3      | Reached XP level 2. HP: 14/14 MP: 3/3
   566 | D:1      | Reached skill level 7 in Stealth
   586 | D:1      | Reached * piety under Elyvilon
   767 | D:1      | Reached XP level 3. HP: 15/17 MP: 4/4
   769 | D:1      | Learned a level 1 spell: Freeze
  1308 | D:2      | Reached skill level 1 in Ice Magic
  1515 | D:2      | Slain by a goblin

Illustrated notes

Levels and vault maps discovered:
D:1:      dpeg_arrival_renting, layout_basic
D:2:      cheibrodos_fertilizer, layout_loops_ring
D:3:      layout_basic, mainiacjoe_overflow_catwalk_spiral, serial_shops,
          nicolae_shop_behind_doors
D:4:      layout_basic, minmay_temple_entry_wispy, serial_shops,
          nicolae_shop_hallway_plus,
          nicolae_shop_temple_entry_statues_fountains, uniq_edmund, uniq_grinder
D:5:      layout_gridville
Temple:   eino_temple_lava

Skill      XL: |  1  2  3 |
---------------+----------+-----
Stealth        | 7 |  7.1
Ice Magic      | 1 |  1.2
Fighting       | |  3.4
Dodging        | |  2.7
Unarmed Combat | |  2.8
Invocations    | |  0.6

Action                     || total
---------------------------++-------
  Melee: Unarmed           ||    60
         Bite              ||     2
         Punch             ||     1
   Cast: Freeze            ||     2
    Use: Scroll            ||     3
   Stab: Sleeping          ||    20
  Dodge: Dodged            ||    35

Table legend: (Time is in decaauts)
 A = Elapsed time spent in this place.
 B = Non-inter-level travel time spent in this place.
 C = Inter-level travel time spent in this place.
 D = Time resting spent in this place.
 E = Time spent auto-exploring this place.
 F = Levels seen in this place.
 G = Mean time per level.
                   A        B        C        D        E       F      G
               +--------+--------+--------+--------+--------+-----+--------+
         Total |   1242 |   1147 |     95 |     25 |    375 |   6 |  207.0 |
       Dungeon |   1161 |   1076 |     85 |     11 |    327 |   5 |  232.2 |
        Temple |     81 |     71 |     10 |     14 |     48 |   1 |   81.0 |
               +--------+--------+--------+--------+--------+-----+--------+

Top non-repeatable levels by time:
     D:1: 662 daAuts
     D:4: 245 daAuts
     D:2: 206 daAuts
  Temple: 81 daAuts
     D:3: 25 daAuts
     D:5: 21 daAuts
